 Dungeon Crawl Stone Soup version 0.25.1-2-g60ff931df9 (webtiles) character file.

Game seed: 16515459405444662356

50587 Curus the Fighter (level 14, -2/94 HPs)
             Began as a Gargoyle Gladiator on Aug 5, 2020.
             Was the Champion of Okawaru.
             Killed from afar by a starcursed mass (10 damage)
             ... with an accursed screaming
             ... on level 2 of the Abyss on Aug 6, 2020.
             The game lasted 01:24:21 (19487 turns).

Curus the Fighter (Gargoyle Gladiator)             Turns: 19487, Time: 01:24:22

Health: -2/94      AC: 38    Str: 20    XL:     14   Next: 55%
Magic:  9/20       EV: 12    Int:  8    God:    Okawaru [******]
Gold:   844        SH: 14    Dex: 19    Spells: 13/13 levels left

rFire    . . .     SeeInvis +   K - +4 flail (vorpal)
rCold    . . .     Gourm    .   A - +0 kite shield
rNeg     + . .     Faith    +   G - +0 plate armour of the Eternal Fruit {Harm Dex+2 Slay+6} (curse)
rPois    ∞         Spirit   .   c - +1 helmet
rElec    +         Reflect  .   Q - +2 cloak {rCorr}
rCorr    +         Harm     +   H - +0 pair of gloves
MR       ++...                  y - +0 pair of boots
Stlth    ..........             k - amulet of faith
HPRegen  0.25/turn              q - ring of protection from magic
MPRegen  0.17/turn              s - ring of see invisible

@: about to teleport, heroism, flying
A: big wings, thin skeletal structure 1, negative energy resistance 1,
electricity resistance, wild magic 1, unbreathing, petrification resistance, rot
immunity, AC +10
a: Stop Flying, Heroism, Finesse, Renounce Religion


You were on level 2 of the Abyss.
You worshipped Okawaru.
Okawaru was exalted by your worship.
You were hungry.

You visited 3 branches of the dungeon, and saw 16 of its levels.
You visited the Abyss 1 time.

You collected 844 gold pieces.

Inventory:

Hand Weapons
 w - the +9 whip of Freezing Exoneration {vorpal, Dex+2}
   (You found it on level 6 of the Dungeon)

   It inflicts extra damage upon your enemies.
   It affects your dexterity (+2).
 K - a +4 vorpal flail (weapon)
 L - a +0 morningstar
Missiles
 d - 4 throwing nets (quivered)
Armour
 c - a +1 helmet (worn)
 n - a +0 chain mail
 o - a +0 buckler of protection
 r - a +2 robe of the Archmagi
 y - a +0 pair of boots (worn)
 A - a +0 kite shield (worn)
 D - a -2 pair of gloves
 G - the cursed +0 plate armour of the Eternal Fruit (worn) {Harm Dex+2 Slay+6}
   (You found it on level 6 of the Lair of Beasts)

   It affects your dexterity (+2).
   It affects your accuracy and damage with ranged weapons and melee attacks
   (+6).
   It increases damage dealt and taken.
   It has a curse placed upon it.
 H - a +0 pair of gloves (worn)
 N - the +3 buckler of Painted Satisfaction {rElec rPois Int-5}
   (Okawaru gifted it to you on level 1 of the Lair of Beasts)

   It affects your intelligence (-5).
   It insulates you from electricity.
   It protects you from poison.
 O - a +2 hat
 Q - a +2 cloak of preservation (worn)
Jewellery
 e - an uncursed ring of fire
 g - an uncursed ring of resist corrosion
 k - an amulet of faith (around neck)
 q - a ring of protection from magic (left hand)
 s - a ring of see invisible (right hand)
 t - an uncursed ring of poison resistance
 C - the amulet of Awnior {Inacc rF+ MR+ Str+7}
   (You found it on level 8 of the Dungeon)

   [amulet of inaccuracy]

   It reduces the accuracy of all your attacks.
   It affects your strength (+7).
   It protects you from fire.
   It affects your resistance to hostile enchantments.
 P - an uncursed ring of ice
 R - an uncursed ring of teleportation
 V - an uncursed ring of ice
Wands
 b - a wand of enslavement (8)
 i - a wand of polymorph (9)
 x - a wand of disintegration (9)
 B - a wand of digging (9)
 E - a wand of paralysis (7)
 I - a wand of flame (30)
 Z - a wand of clouds (5)
Scrolls
 a - a scroll of magic mapping
 h - a scroll of teleportation
 j - 17 scrolls of identify
 p - 2 scrolls of blinking
 v - 6 scrolls of remove curse
 U - a scroll of summoning
 Y - a scroll of enchant weapon
Potions
 l - 5 potions of stabbing
 m - 2 potions of heal wounds
 z - 7 potions of curing
 F - 2 potions of haste
 J - 2 potions of degeneration
 X - 3 potions of flight
Comestibles
 f - 26 rations


   Skills:
 + Level 13.1(18.1) Fighting
 - Level 12.0(17.0) Maces & Flails
 - Level 1.7(6.7) Throwing
 + Level 12.9(17.9) Armour
 - Level 2.4(7.4) Dodging
 - Level 10.0(15.0) Shields
 - Level 7.2 Invocations
 - Level 8.4 Evocations


You had 13 spell levels left.
You didn't know any spells.
Your spell library contained the following spells:

 Spells                   Type           Power        Failure   Level  Hunger
 Animate Skeleton         Necr           N/A          99%         1    ##.....
 Apportation              Tloc           #.....       99%         1    ##.....
 Corona                   Hex            #......      99%         1    ##.....
 Infusion                 Chrm           #...         99%         1    ##.....
 Pain                     Necr           #...         99%         1    ##.....
 Summon Small Mammal      Summ           #...         99%         1    ##.....
 Shroud of Golubria       Chrm/Tloc      #.....       100%        2    ###....
 Song of Slaying          Chrm           #.......     100%        2    ###....
 Confusing Touch          Hex            #.......     100%        3    ####...
 Gell's Gravitas          Tloc           #.........   100%        3    ####...
 Ozocubu's Armour         Chrm/Ice       #.......     100%        3    ####...
 Spectral Weapon          Hex/Chrm       #.......     100%        3    ####...
 Vampiric Draining        Necr           #.........   100%        3    ####...
 Animate Dead             Necr           N/A          100%        4    #####..
 Petrify                  Tmut/Erth      #.......     100%        4    #####..
 Agony                    Necr           #.......     100%        5    ######.
 Metabolic Englaciation   Hex/Ice        #.........   100%        5    ######.
 Yara's Violent Unravell  Hex/Tmut       #.........   100%        5    ######.


Dungeon Overview and Level Annotations

Branches:
Dungeon (9/15)             Temple (1/1) D:6            Lair (6/6) D:9
  Swamp (0/4) Lair:3       Spider (0/4) Lair:4        Slime (0/5) Lair:5
    Orc: D:9-12

Altars:
Cheibriados
Dithmenos
Fedhas
Hepliaklqana
Makhleb
Nemelex Xobeh
Okawaru
Ru
Sif Muna
Uskayaw
Vehumet
Wu Jian
Xom
Yredelemnul
Zin
The Shining One
Jiyva

Annotations:
D:6 1 runed translucent door, UnDebs's ghost, novice HOGl
Lair:5 1 transporter, Debrof's ghost, journeyman MiBe


Innate Abilities, Weirdness & Mutations

You are resistant to torment.
Your stone body is resilient. (AC +10)
You are immune to poison.
Your large and strong wings let you fly indefinitely.
You resist negative energy. (rN+)
You are resistant to electric shocks. (rElec)
You can survive without breathing.
You are immune to petrification.
You are immune to rotting.
You have a somewhat thin skeletal structure. (Dex +2, Stealth)
Your spells are a little harder to cast, but a little more powerful.


Message History

* * * LOW HITPOINT WARNING * * *
The living lightning misses you.
The raiju blinks! x2
A starcursed mass splits.
You bludgeon the bone dragon!!
The bone dragon is heavily damaged.
The bone dragon barely misses you. The bone dragon completely misses you.
You block the bone dragon's attack.
A starcursed mass splits.
A chorus of shrieks assaults your mind.
* * * LOW HITPOINT WARNING * * *
The raiju bursts into living lightning!
The living lightning hits you but does no damage. x2
You resist.
The raiju blinks! x2
As you read the scroll of teleportation, it crumbles to dust.
You feel strangely unstable.
You feel the power of the Abyss delaying your translocation!
You block the bone dragon's attack.
The bone dragon claws you but does no damage.
You block the bone dragon's attack. The raiju closely misses you.
A chorus of shrieks assaults your mind.
You die...

#. # .. # .. .
#.#. ## .#
.#.# ..##. ..
.#. .... # #.
.. ..# +
#..#.#.# ..#.#
......h##.#§##
#.D@#..§#
#......#§..# #
...#...#X###.#
#### .
..###.XX#...#.
..## ... #
...#####. ##..
.. #..X#..#
#... . . #.##
##..##. # #.
.§ .#
.###..##... ##
.. #. .# #


You could see a bone dragon, 4 starcursed masses and a raiju.

Vanquished Creatures
  Gastronok (Lair:1)
  A lorocyproca (Abyss:2)
  4 dire elephants (Lair:6)
  Harold (Lair:2)
  7 hydras
  Fannar (Lair:2)
  Erica (D:8)
  4 death yaks (Lair:4)
  An anaconda (Lair:6)
  A two-headed ogre (D:9)
  A large abomination (Abyss:2)
  A fire crab (Lair:3)
  Nergalle (Lair:2)
  A sixfirhy (Abyss:2)
  A lindwurm (Lair:3)
  Pikel (D:7)
  A worldbinder (Abyss:2)
  14 elephants
  A shock serpent zombie (Abyss:2)
  3 black mambas
  4 spiny frogs
  2 rime drakes (Lair:6)
  8 komodo dragons
  A hellwing (Abyss:2)
  A troll (D:9)
  2 tyrant leeches (Lair:3)
  7 jumping spiders (Lair:4)
  2 polar bears
  Prince Ribbit (D:7)
  A raiju (Lair:5)
  3 hippogriffs
  19 blink frogs
  6 dream sheep (Lair:5)
  A ynoxinul (Abyss:2)
  3 redbacks (Lair:4)
  A wyvern (D:9)
  34 yaks
  A steam dragon (Lair:4)
  2 hungry ghosts
  4 water moccasins
  A swamp worm (Lair:3)
  Duvessa (D:7)
  11 porcupines
  An orc warrior (D:9)
  A slave (D:7)
  An eye of draining (D:8)
  2 ice beasts
  A small abomination (Abyss:2)
  5 wolves
  A phantom (D:4)
  An ogre (D:8)
  2 centaurs (D:8)
  16 crocodiles
  A big kobold (D:8)
  14 bullfrogs
  A gnoll sergeant (D:7)
  Dowan (D:7)
  A scorpion (D:4)
  A water moccasin skeleton (D:8)
  11 killer bees (D:8)
  4 bullfrog zombies
  A crimson imp (D:5)
  A quasit (D:7)
  3 hounds
  2 jellies
  3 orc priests
  An iguana (D:7)
  7 orc wizards
  3 worker ants
  7 hell rats (Lair:6)
  A hound skeleton (D:7)
  A worker ant zombie (D:7)
  3 gnolls (D:7)
  A howler monkey skeleton (D:6)
  6 adders
  A white imp (Abyss:2)
  An ooze (D:4)
  2 adder skeletons
  3 worms
  4 dart slugs
  3 leopard geckos
  16 orcs
  9 bats
  2 giant cockroaches (D:3)
  5 goblins
  7 hobgoblins
  16 jackals
  3 kobolds
  2 quokkas
  8 frilled lizards
  A leopard gecko zombie (D:8)
  A quokka skeleton (D:6)
  6 rats
  3 plants
361 creatures vanquished.

Vanquished Creatures (others)
  A yak (Lair:4)
  8 fungi
  14 plants
  2 withered plants (D:6)
25 creatures vanquished.

Grand Total: 386 creatures vanquished

Notes
Turn   | Place    | Note
-------+----------+-------------------------------------------
     0 | D:1      | Curus the Gargoyle Gladiator began the quest for the Orb.
     0 | D:1      | Reached XP level 1. HP: 12/12 MP: 1/1
   338 | D:1      | Reached XP level 2. HP: 17/17 MP: 2/2
   901 | D:2      | Found a glowing golden altar of the Shining One.
   902 | D:2      | Found a shadowy altar of Dithmenos.
   903 | D:2      | Found a blossoming altar of Fedhas.
  1099 | D:2      | Reached XP level 3. HP: 14/21 MP: 3/3
  1114 | D:2      | Gained mutation: You have an increased reservoir of magic.
                  | (+10% MP) [potion of mutation]
  1114 | D:2      | Gained mutation: Armour fits poorly on your strangely
                  | shaped body. [potion of mutation]
  1114 | D:2      | Gained mutation: You are robust. (+10% HP) [potion of
                  | mutation]
  1904 | D:2      | Lost mutation: Armour fits poorly on your strangely shaped
                  | body. [potion of mutation]
  1904 | D:2      | Lost mutation: You are robust. (+10% HP) [potion of
                  | mutation]
  1904 | D:2      | Lost mutation: You have an increased reservoir of magic.
                  | (+10% MP) [potion of mutation]
  1904 | D:2      | Gained mutation: Your spells are a little harder to cast,
                  | but a little more powerful. [potion of mutation]
  1904 | D:2      | Gained mutation: You have a somewhat thin skeletal
                  | structure. (Dex +2, Stealth) [potion of mutation]
  2195 | D:3      | Reached XP level 4. HP: 26/26 MP: 4/4
  2574 | D:3      | Reached skill level 5 in Maces & Flails
  2844 | D:4      | Reached XP level 5. HP: 14/30 MP: 5/5
  3290 | D:4      | Reached XP level 6. HP: 31/35 MP: 6/6
  3594 | D:4      | Found an ornate altar of the Wu Jian Council.
  3662 | D:4      | Noticed a phantom
  3674 | D:4      | Killed a phantom
  3808 | D:5      | Entered Level 5 of the Dungeon
  3864 | D:5      | Noticed a hungry ghost
  3891 | D:5      | Killed a hungry ghost
  3891 | D:5      | Reached XP level 7. HP: 35/40 MP: 7/7
  4344 | D:5      | Found a glowing golden altar of the Shining One.
  4602 | D:6      | Got a polished whip
  4607 | D:6      | Identified the +9 whip of Freezing Exoneration {vorpal,
                  | Dex+2} (You found it on level 6 of the Dungeon)
  4804 | D:6      | Found a runed translucent door.
  4804 | D:6      | Noticed UnDebs's ghost (novice HOGl)
  5178 | D:6      | Found a staircase to the Ecumenical Temple.
  5183 | Temple   | Entered the Ecumenical Temple
  5296 | Temple   | Became a worshipper of Warmaster Okawaru
  5444 | D:7      | Noticed a hungry ghost
  5459 | D:7      | Killed a hungry ghost
  5459 | D:7      | Reached XP level 8. HP: 44/44 MP: 8/8
  5561 | D:7      | Noticed Prince Ribbit
  5581 | D:7      | Killed Prince Ribbit
  5581 | D:7      | Reached * piety under Okawaru
  5581 | D:7      | Reached skill level 10 in Maces & Flails
  6105 | D:7      | Found a burning altar of Makhleb.
  6105 | D:7      | Found a shimmering altar of Xom.
  6107 | D:7      | Found a glowing silver altar of Zin.
  6184 | D:7      | Noticed Duvessa
  6184 | D:7      | Noticed Dowan
  6197 | D:7      | Killed Duvessa
  6197 | D:7      | Reached ** piety under Okawaru
  6200 | D:7      | Killed Dowan
  6314 | D:7      | Reached XP level 9. HP: 48/48 MP: 9/9
  6625 | D:8      | Got a pitted ruby amulet
  6723 | D:8      | Reached skill level 1 in Armour
  7086 | D:8      | Noticed Pikel
  7092 | D:8      | Noticed Erica
  7169 | D:7      | Identified the amulet of Awnior {Inacc rF+ MR+ Str+7} (You
                  | found it on level 8 of the Dungeon)
  7181 | D:8      | Reached skill level 3 in Fighting
  7226 | D:8      | Reached *** piety under Okawaru
  7342 | D:8      | Reached skill level 4 in Fighting
  7516 | D:8      | Reached skill level 5 in Fighting
  7529 | D:8      | Reached **** piety under Okawaru
  7738 | D:7      | Killed Pikel
  7738 | D:7      | Reached skill level 6 in Fighting
  7738 | D:7      | Reached skill level 5 in Armour
  7738 | D:7      | Reached XP level 10. HP: 61/61 MP: 10/10
  7805 | D:8      | Killed Erica
  7805 | D:8      | Reached ***** piety under Okawaru
  7805 | D:8      | Reached skill level 7 in Fighting
  8138 | D:9      | Noticed a two-headed ogre
  8149 | D:9      | Killed a two-headed ogre
  8301 | D:9      | Reached skill level 8 in Fighting
  8515 | D:9      | Found a staircase to the Lair.
  8538 | D:9      | Received a gift from Okawaru
  8539 | D:9      | Got a slimy fustibalus {god gift}
  8570 | Lair:1   | Entered Level 1 of the Lair of Beasts
  8762 | Lair:1   | Reached skill level 1 in Shields
  8762 | Lair:1   | Reached skill level 1 in Invocations
  8783 | Lair:1   | Reached skill level 1 in Evocations
  8979 | Lair:1   | Noticed Gastronok
  8996 | Lair:1   | Killed Gastronok
  8996 | Lair:1   | Received a gift from Okawaru
  8996 | Lair:1   | Reached XP level 11. HP: 69/69 MP: 9/13
  8997 | Lair:1   | Got a glimmering buckler {god gift}
  9453 | Lair:1   | Identified the +3 buckler of Painted Satisfaction {rElec
                  | rPois Int-5} (Okawaru gifted it to you on level 1 of the
                  | Lair of Beasts)
  9799 | Lair:2   | Found an iron altar of Okawaru.
  9825 | Lair:2   | Noticed Harold
  9850 | Lair:2   | Killed Harold
  9850 | Lair:2   | Reached skill level 5 in Shields
  9850 | Lair:2   | Reached skill level 5 in Invocations
 10009 | Lair:2   | Noticed Nergalle
 10031 | Lair:2   | Killed Nergalle
 10111 | Lair:2   | Reached skill level 5 in Evocations
 10282 | Lair:2   | Reached ****** piety under Okawaru
 10315 | Lair:2   | Received a gift from Okawaru
 10340 | Lair:2   | Reached XP level 12. HP: 28/75 MP: 16/16
 10879 | Lair:2   | Noticed Fannar
 10899 | Lair:2   | Killed Fannar
 11531 | Lair:3   | Found a staircase to the Swamp.
 11948 | Lair:3   | Noticed an eight-headed hydra
 11949 | Lair:3   | Noticed a five-headed hydra
 11956 | Lair:3   | Killed a five-headed hydra
 11965 | Lair:3   | Killed an eight-headed hydra
 12114 | Lair:3   | Received a gift from Okawaru
 13051 | Lair:4   | Found a hole to the Spider Nest.
 13278 | Lair:4   | Reached skill level 10 in Shields
 13292 | Lair:4   | Reached XP level 13. HP: 73/79 MP: 19/19
 13536 | Lair:4   | Reached skill level 9 in Fighting
 14726 | Lair:5   | Reached skill level 10 in Fighting
 14735 | Lair:5   | Received a gift from Okawaru
 14746 | Lair:5   | Found a transporter.
 14797 | Lair:5   | Noticed Debrof's ghost (journeyman MiBe)
 14801 | Lair:5   | Identified the +7 spear "Vacoetue" {distort, *Slow +Inv
                  | Int+4}
 14846 | Lair:5   | Reached skill level 10 in Armour
 14933 | Lair:5   | Found a transporter.
 15060 | Lair:5   | Found a viscous altar of Jiyva.
 15061 | Lair:5   | Found a staircase to the Slime Pits.
 15298 | Lair:5   | Received a gift from Okawaru
 15586 | Lair:6   | Entered Level 6 of the Lair of Beasts
 16111 | Lair:5   | Reached skill level 11 in Fighting
 16973 | Lair:6   | Gained mutation: Your large and strong wings let you fly
                  | indefinitely. [Gargoyle growth]
 16973 | Lair:6   | Reached XP level 14. HP: 71/91 MP: 20/20
 17445 | Lair:6   | Received a gift from Okawaru
 17445 | Lair:6   | Reached skill level 12 in Fighting
 18513 | Lair:6   | Noticed a dire elephant
 18513 | Lair:6   | Noticed a dire elephant
 18532 | Lair:6   | Killed a dire elephant
 18540 | Lair:6   | Killed a dire elephant
 18557 | Lair:6   | Noticed a dire elephant
 18897 | Lair:6   | Noticed a dire elephant
 18917 | Lair:6   | Killed a dire elephant
 18958 | Lair:6   | Killed a dire elephant
 18971 | Lair:6   | Got a distressingly furry plate armour
 18985 | Lair:6   | Identified the cursed +0 plate armour of the Eternal Fruit
                  | {Harm Dex+2 Slay+6} (You found it on level 6 of the Lair of
                  | Beasts)
 19216 | Lair:5   | Cast into level 2 of the Abyss (spriggan rider)
 19251 | Abyss:2  | Found a corrupted altar of Lugonu.
 19252 | Abyss:2  | Found a corrupted altar of Lugonu.
 19400 | Abyss:2  | Reached skill level 13 in Fighting
 19470 | Abyss:2  | Noticed a lorocyproca
 19472 | Abyss:2  | Noticed a bone dragon
 19479 | Abyss:2  | Killed a lorocyproca
 19480 | Abyss:2  | Noticed a starcursed mass
 19487 | Abyss:2  | Killed from afar by a starcursed mass

Illustrated notes

Levels and vault maps discovered:
D:1:      minmay_arrival_split_and_join, layout_basic
D:2:      layout_loops_ring, nicolae_overflow_hidden_temple, first_ration,
          st_stairs_13, minmay_tetromino_o4
D:3:      layout_loops_ring, serial_bayou_crossing
D:4:      layout_basic, kennysheep_mini_moat, minmay_misc_feat_secret_circle
D:5:      layout_cave_pools, nicolae_tso_swordbearing_angel
D:6:      layout_loops_ring, temple_hall_moat, gammafunk_ghost_grave
D:7:      layout_basic, gammafunk_temple_overflow_forgotten, uniq_duvessa,
          uniq_prince_ribbit1
D:8:      layout_loops_cross, blue_anna_alchemist [blue_anna_fruit_fields,
          blue_anna_fruit_fields], kennysheep_generic_room_11, uniq_erica,
          uniq_pikel
D:9:      layout_small_grid, david_lair_shrubbed, orc_0_dummy
Temple:   regret_index_temple_generic_petals
Lair:1:   layout_regular_city, minmay_stone_trees_small, st_stairs_9,
          uniq_gastronok
Lair:2:   layout_chaotic_city, basic_altar, uniq_nergalle, uniq_fannar,
          uniq_harold
Lair:3:   layout_long_grid, minmay_swamp_entry_worms,
          nicolae_volcano_entry_vermiform, minmay_shattered_shrine,
          serial_bayou_shore_b
Lair:4:   beast_lair_carwin_large_1, layout_cave_pods,
          nicolae_spider_entry_tight_spaces, infiniplex_staircase_pool_2
Lair:5:   layout_small_grid, slime_altar_1, gammafunk_ghost_abyssal_escape
Lair:6:   due_jungle_book, layout_misc_corridors
Abyss:2:  base:
D:11

Skill      XL: |  1  2  3  4  5  6  7  8  9 10 11 12 13 14 |
---------------+-------------------------------------------+-----
Maces & Flails | 4 5 6 7 9 11 12 | 12.0
Armour         | 5 8 11 12 | 12.9
Fighting       | 6 8 11 13 | 13.1
Shields        | 3 6 10 | 10.0
Invocations    | 3 6 7 |  7.2
Evocations     | 3 5 8 |  8.4
Throwing       | |  1.7
Dodging        | |  2.4

Action                   |  1- 3 |  4- 6 |  7- 9 | 10-12 | 13-15 || total
-------------------------+-------+-------+-------+-------+-------++-------
Melee: Flail             |   148 |   144 |    55 |       |   362 ||   709
       Whip              |       |       |   278 |   633 |   454 ||  1365
Invok: Heroism           |       |       |     1 |     3 |     7 ||    11
 Abil: Fly               |       |       |       |       |     1 ||     1
Evoke: Wand              |       |       |       |     6 |     5 ||    11
  Use: Scroll            |     5 |     2 |     5 |     3 |    10 ||    25
       Potion            |     6 |     1 |     3 |     3 |     5 ||    18
  Eat: Chunk             |     2 |     4 |     9 |    18 |    20 ||    53
       Ration            |     1 |     3 |     1 |       |       ||     5
Armor: Leather armour    |    13 |       |       |       |       ||    13
       Ring mail         |    58 |    47 |       |       |       ||   105
       Scale mail        |       |    17 |       |       |       ||    17
       Chain mail        |       |    12 |   161 |   225 |   430 ||   828
       Plate armour      |       |       |       |       |    37 ||    37
Dodge: Dodged            |   111 |    90 |    66 |   109 |   234 ||   610
Block: Buckler           |       |       |     9 |       |       ||     9
       Kite shield       |       |       |    40 |   203 |   467 ||   710
